 Dungeon Crawl Stone Soup version 0.31-a0-7-g51783674b7 (webtiles) character file.

Game seed: 17725329913543494153

18 Pimp the Gusty (level 2, -4/24 HPs)
             Began as an Ogre Air Elementalist on May 5, 2023.
             Slain by a worm (6 damage)
             ... on level 2 of the Dungeon.
             The game lasted 00:01:47 (889 turns).

Pimp the Gusty (Ogre Air Elementalist)               Turns: 889, Time: 00:01:47

Health: -4/24      AC:  3    Str: 11    XL:     2   Next: 70%
Magic:  1/5        EV: 10    Int: 16    God:
Gold:   57         SH:  0    Dex:  9    Spells: 5/6 levels left

rFire   . . .        e - staff of air
rCold   . . .        (no shield)
rNeg    . . .        a - +0 robe
rPois   .            (helmet restricted)
rElec   +            (no cloak)
rCorr   .            (gloves unavailable)
SInv    .            (boots unavailable)
Will    .....        (no amulet)
Stlth   ++           (no ring)
HPRegen 0.24/turn    (no ring)
MPRegen 0.09/turn

%: no passive effects
@: no status effects
A: large, unfitting armour, tough skin 1
a: no special abilities


You were on level 2 of the Dungeon.
You visited 1 branch of the dungeon, and saw 2 of its levels.

You collected 57 gold pieces.

Inventory:

Armour
 a - a +0 robe (worn)
Magical Staves
 e - a staff of air (weapon)
Scrolls
 d - a scroll of identify {unknown}
 h - 3 scrolls of teleportation {unknown}
 i - a scroll of enchant weapon {unknown}
 j - 2 scrolls of blinking {unknown}
 k - a scroll of immolation {unknown}
Potions
 b - a potion of magic
 c - a potion of might {unknown}
 f - a potion of brilliance {unknown}
 g - 2 potions of attraction {unknown}


   Skills:
 + Level 2.0 Dodging
 + Level 1.6 Stealth
 + Level 2.7 Spellcasting
 + Level 1.2 Conjurations
 + Level 2.9 Air Magic


You had 5 spell levels left.
You knew the following spells:

 Your Spells              Type           Power      Damage    Failure   Level
a - Shock                 Conj/Air       52%        1d6       9%          1

Your spell library contained the following spells:

 Spells                   Type           Power      Damage    Failure   Level
 Static Discharge         Conj/Air       26%        2-4/arc   12%         2
 Swiftness                Air            17%        N/A       17%         3
 Airstrike                Air            8%         2d(2-18)  50%         4


Dungeon Overview and Level Annotations

Branches:
Dungeon (2/15)

Altars:

Shops:
D:1 [


Innate Abilities, Weirdness & Mutations

You are too large for most types of armour.
You have tough skin. (AC +1)


Message History

Press: ? - help, Shift-Dir - straight line You feel a surge of power!
The zap hits the worm.
The worm is lightly wounded.
The zap hits the worm.
The worm is moderately wounded.
The worm barely misses you.
Unknown command.
Casting: Shock (safe; 9% risk of failure)
Confirm with . or Enter, or press ? or * to list all spells.
Aiming: Shock (safe; 9% risk of failure)
Press: ? - help, Shift-Dir - straight line You feel a surge of power!
The zap hits the worm.
The worm is severely wounded.
The zap hits the worm.
The worm is severely wounded.
The worm bites you.
Casting: Shock (safe; 9% risk of failure)
Confirm with . or Enter, or press ? or * to list all spells.
Aiming: Shock (safe; 9% risk of failure)
Press: ? - help, Shift-Dir - straight line You feel a surge of power!
The zap hits the worm.
The worm is severely wounded.
The zap misses the worm.
You hit the worm.
The worm is almost dead.
The worm bites you!
You hit the worm.
The worm is almost dead.
The worm bites you!
* * * LOW HITPOINT WARNING * * *
You hit the worm.
The worm is almost dead.
You barely miss the worm.
The worm is almost dead.
The worm bites you.
* * * LOW HITPOINT WARNING * * *
You hit the worm but do no damage.
The worm is almost dead.
The worm bites you.
You die...

### # ..# .#
###.# ##.# #
#.... ...
#.#.#.##w#
#......@.#
#......###.##
#.#..<........
#...##.###.###
#.. ..# ## ###


You could see a worm.

Vanquished Creatures
  A dart slug (D:1)
  3 bats (D:1)
  An endoplasm (D:1)
  2 giant cockroaches (D:1)
  2 hobgoblins (D:1)
  A quokka (D:1)
  A ball python (D:1)
  A frilled lizard (D:1)
  3 goblins (D:1)
15 creatures vanquished.

Vanquished Creatures (others)
  2 plants (D:1)
2 creatures vanquished.

Grand Total: 17 creatures vanquished

Notes
Turn   | Place    | Note
-------+----------+-------------------------------------------
     0 | D:1      | Pimp the Ogre Air Elementalist began the quest for the Orb.
     0 | D:1      | Reached XP level 1. HP: 16/16 MP: 3/3
    21 | D:1      | Found Fuh Ago's Antique Armour Shoppe.
   106 | D:1      | Reached skill level 1 in Conjurations
   248 | D:1      | Reached XP level 2. HP: 24/24 MP: 2/5
   396 | D:1      | Found a faded altar of an unknown god.
   888 | D:2      | HP: 1/24 [worm (3)]
   889 | D:2      | Slain by a worm

Illustrated notes

Levels and vault maps discovered:
D:1:      tarquinn_simple_flora_water_c, layout_loops_cross,
          shapermc_ecumenical_altar_gd, serial_shops, shop
D:2:      layout_loops_cross

Skill      XL: |  1  2 |
---------------+-------+-----
Conjurations   | 1 |  1.2
Dodging        | 2 |  2.0
Stealth        | |  1.6
Spellcasting   | |  2.7
Air Magic      | |  2.9

Action                     || total
---------------------------++-------
  Melee: Staff             ||    57
         Unarmed           ||     2
         Punch             ||     1
   Cast: Shock             ||    15
   Stab: Sleeping          ||     3
 Armour: Robe              ||    18
  Dodge: Dodged            ||    33

Table legend: (Time is in decaauts)
 A = Elapsed time spent in this place.
 B = Non-inter-level travel time spent in this place.
 C = Inter-level travel time spent in this place.
 D = Time resting spent in this place.
 E = Time spent auto-exploring this place.
 F = Levels seen in this place.
 G = Mean time per level.
                   A        B        C        D        E       F      G
               +--------+--------+--------+--------+--------+-----+--------+
         Total |    899 |    899 |      0 |     33 |    679 |   2 |  449.5 |
       Dungeon |    899 |    899 |      0 |     33 |    679 |   2 |  449.5 |
               +--------+--------+--------+--------+--------+-----+--------+

Top non-repeatable levels by time:
     D:1: 887 daAuts
     D:2: 11 daAuts
